 Dungeon Crawl Stone Soup version 0.25-a0-857-g60a0bcd8b5 (webtiles) character file.

Game seed: 11671864121077750932, levelgen mode: deterministic

5727 Error4North the Cleaver (level 10, -2/91 HPs)
             Began as a Hill Orc Fighter on Apr 25, 2020.
             Slain by a fire dragon (3 damage)
             ... on level 8 of the Dungeon on Apr 26, 2020.
             The game lasted 00:30:25 (6843 turns).

Error4North the Cleaver (Hill Orc Fighter)          Turns: 6843, Time: 00:30:26

Health: -2/91      AC: 20    Str: 23    XL:     10   Next: 77%
Magic:  13/13      EV:  7    Int:  8    God:
Gold:   645        SH: 12    Dex: 10    Spells: 9/9 levels left

rFire    . . .     SeeInvis .   a - +0 war axe
rCold    . . .     Gourm    .   c - +1 kite shield
rNeg     . . .     Faith    .   w - +4 chain mail {MR+}
rPois    +         Spirit   .   e - +0 helmet
rElec    .         Reflect  .   J - +1 cloak
rCorr    .         Harm     .   G - +0 pair of gloves
MR       +....                  (no boots)
Stlth    ..........             F - amulet of the acrobat
HPRegen  0.25/turn              i - +5 ring of slaying
MPRegen  0.13/turn              q - ring of poison resistance

@: no status effects
A: no striking features
a: no special abilities


You were on level 8 of the Dungeon.
You were not hungry.

You visited 2 branches of the dungeon, and saw 9 of its levels.
You also visited: Ossuary.

You collected 645 gold pieces.

Inventory:

Hand Weapons
 a - a +0 war axe (weapon)
 K - the +6 mace "Heoth" {holy, rElec rN+}
   (You found it on level 8 of the Dungeon)

   It has been blessed by the Shining One to cause great damage to the undead
   and demons.
   It insulates you from electricity.
   It protects you from negative energy.
Missiles
 H - 5 boomerangs (quivered)
Armour
 c - a +1 kite shield (worn)
 e - a +0 helmet (worn)
 w - a +4 chain mail of magic resistance (worn)
 G - a +0 pair of gloves (worn)
 J - a +1 cloak (worn)
Jewellery
 h - a cursed ring of teleportation {unknown}
 i - a +5 ring of slaying (left hand)
 q - a ring of poison resistance (right hand)
 t - an uncursed ring of protection from magic
 F - an amulet of the acrobat (around neck)
 L - a +3 amulet of reflection
Wands
 p - a wand of iceblast (13)
 v - a wand of polymorph (1)
Scrolls
 k - 3 scrolls of fear
 n - a scroll of magic mapping
 o - 3 scrolls of immolation
 r - 5 scrolls of remove curse
 u - 2 scrolls of amnesia {unknown}
 x - a scroll of brand weapon {unknown}
 y - 2 scrolls of teleportation {unknown}
 C - a scroll of enchant weapon {unknown}
 E - 2 scrolls of fog {unknown}
 I - 2 scrolls of random uselessness {unknown}
 N - a scroll of holy word {unknown}
Potions
 d - 3 potions of might
 l - 2 potions of heal wounds
 m - 5 potions of curing
 s - a potion of cancellation
 z - 2 potions of flight {unknown}
 A - 5 potions of stabbing {unknown}
 B - a potion of haste {unknown}
 D - a potion of mutation {unknown}
 M - a potion of magic {unknown}
Comestibles
 b - a chunk of flesh
 f - 17 rations


   Skills:
 * Level 9.3 Fighting
 + Level 11.0 Axes
 + Level 0.3 Throwing
 * Level 8.5 Armour
 + Level 1.5 Dodging
 + Level 0.5 Stealth
 * Level 8.3 Shields
 * Level 4.5 Evocations


You had 9 spell levels left.
You didn't know any spells.
Your spell library contained the following spells:

 Spells                   Type           Power        Failure   Level  Hunger
 Infusion                 Chrm           #...         99%         1    ##.....
 Shroud of Golubria       Chrm/Tloc      #.....       100%        2    ###....
 Song of Slaying          Chrm           #.......     100%        2    ###....
 Confusing Touch          Hex            #.......     100%        3    ####...
 Gell's Gravitas          Tloc           #.........   100%        3    ####...
 Ozocubu's Armour         Chrm/Ice       #.......     100%        3    ####...
 Spectral Weapon          Hex/Chrm       #.......     100%        3    ####...
 Petrify                  Tmut/Erth      #.......     100%        4    #####..
 Metabolic Englaciation   Hex/Ice        #.........   100%        5    ######.
 Yara's Violent Unravell  Hex/Tmut       #.........   100%        5    ######.


Dungeon Overview and Level Annotations

Branches:
Dungeon (8/15)             Temple (1/1) D:4            Lair (0/6) D:8
Ossuary (visited)

Altars:
Ashenzari
Cheibriados
Dithmenos
Elyvilon
Fedhas
Gozag
Hepliaklqana
Kikubaaqudgha
Nemelex Xobeh
Qazlal
Ru
Sif Muna
Trog
Uskayaw
Vehumet
Wu Jian
Xom
Yredelemnul
Zin
The Shining One


Message History

The fire dragon bites you but does no damage.
The fire dragon barely misses you. The fire dragon tramples you.
* * * LOW HITPOINT WARNING * * *
You stumble backwards!
You slash the fire dragon!
The fire dragon is severely wounded.
The fire dragon breathes flames at you. The blast of flame hits you!
* * * LOW HITPOINT WARNING * * *
You slash the fire dragon!
The fire dragon is severely wounded.
The fire dragon bites you!
* * * LOW HITPOINT WARNING * * *
The fire dragon claws you but does no damage.
You block the fire dragon's attack.
You slash the fire dragon!
The fire dragon is almost dead.
The bullfrog swells and bulges.
You block the fire dragon's attack. x2; The fire dragon tramples you.
You die...

....#.............##........#
#####§§...........#########.#
*,,....§..........# #.......#
*,,≈≈.≈.§.........# #.#######
*,≈§≈≈≈≈§.........# #.#
#.§≈.≈≈≈§...####### #.#
#.≈≈.>≈≈≈.'## #.#
.§≈≈§..§§..##########.#
#..≈≈≈§.§.....FD@.....#
....≈≈§≈...############
#.....§§...#,,,,,*
#.#.##.##..#,*,***
#......#....,*,* #######
............,,,* #.....#
..........>#**** #.###.#
......#####* #.# #.#
.#........# #.# #.#


You could see a fire dragon and a bullfrog.

Vanquished Creatures
  A two-headed ogre (D:8)
  Grinder (D:5)
  Prince Ribbit (D:8)
  Sigmund (D:3)
  A hungry ghost (D:8)
  3 water moccasins
  3 ice beasts
  A sky beast (D:7)
  A phantom (D:6)
  2 black bears
  2 orc warriors (D:8)
  5 ogres
  3 centaurs (D:5)
  5 bullfrogs
  A gnoll sergeant (D:6)
  A water moccasin zombie (D:7)
  2 scorpions
  11 killer bees
  5 wights (D:8)
  A howler monkey (D:7)
  4 crimson imps
  A bullfrog zombie (D:8)
  A centaur skeleton (D:7)
  Crazy Yiuf (D:3)
  2 jellies
  4 orc wizards
  5 orc priests
  4 hounds
  2 bullfrog skeletons
  Terence (D:3)
  Natasha (twice) (D:2)
  3 worker ants
  2 iguanas
  A big kobold zombie (Ossuary)
  2 hound skeletons
  8 mummies (Ossuary)
  Robin (D:2)
  4 gnolls (D:6)
  3 worker ant zombies
  6 adders
  3 shadow imps
  3 oozes
  An adder skeleton (D:7)
  6 worms
  A dart slug (D:4)
  3 leopard geckos (D:1)
  24 orcs
  2 ball pythons
  6 bats
  5 giant cockroaches
  18 goblins
  11 hobgoblins
  13 jackals
  4 quokkas
  A frilled lizard (D:4)
  2 hobgoblin zombies (Ossuary)
  6 kobolds
  A kobold zombie (Ossuary)
  4 orc zombies (Ossuary)
  3 rats
  2 rat zombies (D:4)
227 creatures vanquished.

Notes
Turn   | Place    | Note
-------+----------+-------------------------------------------
     0 | D:1      | Error4North the Hill Orc Fighter began the quest for the
                  | Orb.
     0 | D:1      | Reached XP level 1. HP: 19/19 MP: 1/1
    31 | D:1      | Reached XP level 2. HP: 21/27 MP: 2/2
   214 | D:1      | Reached XP level 3. HP: 27/33 MP: 3/3
   226 | D:1      | Upgraded the game from 0.25-a0-843-g6944ee31a2 to
                  | 0.25-a0-857-g60a0bcd8b5
   779 | D:2      | Noticed Robin
   799 | D:2      | Reached XP level 4. HP: 19/40 MP: 4/4
   811 | D:2      | Killed Robin
   811 | D:2      | Reached skill level 3 in Axes
  1114 | D:2      | Noticed Natasha
  1119 | D:2      | Killed Natasha
  1160 | D:2      | Found a radiant altar of Vehumet.
  1268 | D:2      | Found a glowing golden altar of the Shining One.
  1294 | D:2      | Reached XP level 5. HP: 43/47 MP: 5/5
  1353 | D:2      | Noticed Natasha
  1363 | D:2      | Killed Natasha
  1680 | D:3      | Found an opulent altar of Gozag.
  1761 | D:3      | Reached skill level 4 in Axes
  1799 | D:3      | Noticed Sigmund
  1805 | D:3      | Killed Sigmund
  1805 | D:3      | Reached skill level 5 in Fighting
  1805 | D:3      | Reached skill level 5 in Axes
  1805 | D:3      | Reached skill level 5 in Armour
  1805 | D:3      | Reached XP level 6. HP: 45/56 MP: 6/6
  1945 | D:3      | Noticed Terence
  1962 | D:3      | Killed Terence
  2162 | D:3      | Found a runed translucent door.
  2163 | D:3      | Noticed Crazy Yiuf
  2170 | D:3      | Killed Crazy Yiuf
  2525 | D:4      | Reached XP level 7. HP: 61/61 MP: 7/7
  2540 | D:4      | Found a sacrificial altar of Ru.
  2574 | D:4      | Reached skill level 6 in Axes
  2576 | D:4      | Found a sand-covered staircase.
  2598 | Ossuary  | Entered an ossuary
  2612 | Ossuary  | Reached skill level 5 in Shields
  3078 | D:4      | Found an ornate altar of the Wu Jian Council.
  3172 | D:4      | Found a staircase to the Ecumenical Temple.
  3180 | Temple   | Entered the Ecumenical Temple
  3432 | D:4      | Reached XP level 8. HP: 70/70 MP: 8/8
  3494 | D:5      | Entered Level 5 of the Dungeon
  3494 | D:5      | Noticed Grinder
  3515 | D:5      | Killed Grinder
  3515 | D:5      | Reached skill level 7 in Axes
  3515 | D:5      | Reached skill level 1 in Evocations
  3595 | D:5      | Reached skill level 8 in Axes
  4173 | D:5      | Reached XP level 9. HP: 65/78 MP: 10/10
  4564 | D:6      | You fall into a shaft and drop 1 floor!
  4564 | D:7      | Found a snail-covered altar of Cheibriados.
  4627 | D:6      | Found a shadowy altar of Dithmenos.
  4639 | D:6      | Reached skill level 1 in Dodging
  4641 | D:6      | Reached skill level 9 in Axes
  5262 | D:7      | Reached skill level 10 in Axes
  5262 | D:7      | Reached XP level 10. HP: 51/89 MP: 12/12
  5537 | D:8      | Noticed Prince Ribbit
  5589 | D:8      | Found a glowing silver altar of Zin.
  5590 | D:8      | Found a shimmering blue altar of Sif Muna.
  5604 | D:8      | Got a fine mace
  5608 | D:8      | Identified the +6 mace "Heoth" {holy, rElec rN+} (You found
                  | it on level 8 of the Dungeon)
  5628 | D:8      | Found a staircase to the Lair.
  5629 | D:8      | Noticed a fire dragon
  6172 | D:8      | Killed Prince Ribbit
  6275 | D:8      | Found a sparkling altar of Nemelex Xobeh.
  6558 | D:8      | Noticed a two-headed ogre
  6590 | D:8      | Killed a two-headed ogre
  6767 | D:8      | Reached skill level 11 in Axes
  6842 | D:8      | HP: 1/91 [fire dragon (13)]
  6843 | D:8      | Slain by a fire dragon

Levels and vault maps discovered:
D:1:      minmay_arrival_semitransparent, layout_loops_ring
D:2:      layout_loops_ring, tso_altar, vehumet_crystals, uniq_natasha,
          uniq_robin
D:3:      layout_loops_corners, nicolae_gozag_seed_capital, first_ration,
          chequers_avenue, uniq_terence, uniq_crazy_yiuf_cottage, uniq_sigmund
D:4:      black_bear_nest_2, layout_gridville, lemuel_doored_altar,
          overflow_temple_1_default, minmay_temple_entry_ruins, enter_ossuary_4
D:5:      layout_rooms, lemuel_old_faithful, uniq_grinder
D:6:      layout_basic, lemuel_crystal_altar
D:7:      layout_cave_pools, cheibriados_altar_1
D:8:      layout_basic, nemelex_altar_shiori, grunt_temple_overflow_open,
          minmay_lair_entry_lava, uniq_prince_ribbit1
Temple:   compressed_dpeg_circular_temple

Skill      XL: |  1  2  3  4  5  6  7  8  9 10 |
---------------+-------------------------------+-----
Fighting       | 4 5 6 8 9 |  9.3
Armour         | 4 5 6 7 8 |  8.5
Shields        | 4 5 7 8 |  8.3
Axes           | 3 5 6 8 10 11 | 11.0
Evocations     | 2 3 4 |  4.5
Dodging        | 1 |  1.5
Throwing       | |  0.3
Stealth        | |  0.5

Action                   |  1- 3 |  4- 6 |  7- 9 | 10-12 || total
-------------------------+-------+-------+-------+-------++-------
Melee: War axe           |   107 |   105 |   266 |   172 ||   650
Throw: Boomerang         |       |       |     1 |     4 ||     5
  Use: Scroll            |     1 |     1 |     1 |     5 ||     8
       Potion            |       |     2 |     1 |     2 ||     5
  Eat: Chunk             |       |     5 |     5 |     5 ||    15
       Ration            |       |       |     1 |     1 ||     2
Armor: Scale mail        |    85 |    11 |       |       ||    96
       Chain mail        |       |    32 |   170 |    67 ||   269
Dodge: Dodged            |    53 |    17 |   143 |    43 ||   256
Block: Kite shield       |    83 |    43 |   192 |    92 ||   410

Table legend:
 A = Non-vault XP
 B = Vault XP
 C = Vault XP percentage of total XP
 D = Non-vault monster count
 E = Vault monster count
 F = Vault count percentage of total count
                 A         B        C        D         E       F
            +---------+---------+-------+---------+---------+-------
      Total |    6965 |    1217 |  14.9 |     189 |      38 |  16.7
            +---------+---------+-------+---------+---------+-------
        D:1 |      63 |       0 |   0.0 |      30 |       0 |   0.0
        D:2 |      80 |      74 |  48.1 |      16 |      14 |  46.7
        D:3 |      40 |     307 |  88.5 |      12 |       3 |  20.0
        D:4 |     381 |     130 |  25.4 |      18 |       3 |  14.3
        D:5 |    1005 |     267 |  21.0 |      24 |       1 |   4.0
        D:6 |     845 |       0 |   0.0 |      18 |       0 |   0.0
        D:7 |    1505 |       0 |   0.0 |      27 |       0 |   0.0
        D:8 |    3046 |     264 |   8.0 |      44 |       1 |   2.2
    Ossuary |       0 |     175 | 100.0 |       0 |      16 | 100.0
            +---------+---------+-------+---------+---------+-------
